[Event "German-ch Blitz Women 2022"]
[Site "Magdeburg"]
[Date "2022.08.13"]
[Round "9.12"]
[White "Zhou, Lepu Coco"]
[Black "Muetsch, Annmarie"]
[Result "0-1"]
[ECO "C41"]
[WhiteElo "1986"]
[BlackElo "2249"]
[Annotator "TA"]
[PlyCount "88"]
[EventDate "2022.08.10"]
[EventType "tourn"]
[EventCountry "GER"]
[SourceTitle "playchess.com"]
[Source "ChessBase"]
[SourceQuality "1"]
[TimeControl "180+2"]

1. e4 d6 2. d4 Nf6 3. Nc3 e5 4. Nf3 Nbd7 5. Bc4 Be7 6. a4 c6 {[%emt 0:00:02] C41: Philidor Defence.} 7. a5 Qc7 8. O-O h6 {[%emt 0:00:01] White is slightly better.} 9. Qe2 Nf8 10. dxe5 dxe5 11. Rd1 {[%emt 0:00:05] [#]} Bg4 $146 (11... Ne6 $11) ({Predecessor:} 11... Be6 12. h3 Bxc4 13. Qxc4 Ne6 14. Be3 O-O 15. Nh4 Rfd8 16. Nf5 Bf8 17. Qe2 g6 18. Nxh6+ {1-0 (37) Almeida Junior,A (2174)-Fajdetic,H (2151) Chess.com INT 2020}) 12. h3 $14 Bh5 13. Be3 (13. g4 $16 Bg6 14. Nh4) 13... g5 (13... Ng6 $1 $11 {keeps the balance.}) 14. g4 $16 Bg6 15. a6 {[%emt 0:00:21] Hoping for axb7.} b6 {[%emt 0:00:13] [#]} 16. Bb3 (16. Nxe5 $1 $14 Qxe5 17. Bd4) 16... b5 {[%emt 0:00:26] [#]} (16... Rc8 $11 {remains equal.}) 17. Nxb5 $1 cxb5 18. Qxb5+ N8d7 19. Ba4 (19. Qb7 $1 $14 Qxb7 20. axb7) 19... O-O $11 20. Rxd7 Nxd7 ({Don't play} 20... Qxd7 21. Qxd7 Nxd7 22. Bxd7 $16) 21. Qxd7 Qxd7 22. Bxd7 Bxe4 23. Nxe5 {[%emt 0:00:03] aiming for Bc6.} Bf6 24. Nd3 Rfd8 $36 {[%emt 0:00:17][%mdl 2048] Threatens to win with ...Bxd3. Black is more active.} 25. Bb5 Bd4 26. Bxd4 ({Better is} 26. Ra4 $11 Bxe3 27. Rxe4) 26... Rxd4 $15 27. Ra4 $2 {[%emt 0:00:03] This move loses the game for White.} (27. b3 $1 $15) 27... Rxa4 $19 28. Bxa4 {[%emt 0:00:01][%mdl 4096] Endgame KRB-KBN} Rb8 29. b3 $2 (29. Nc5 {only move.} Rb4 30. c3) 29... Bxd3 30. cxd3 {[%emt 0:00:01] KR-KB} Rb6 31. Kf1 Kg7 32. Ke2 Kf6 33. d4 Rxa6 34. Ke3 Rb6 35. Ke4 Ke6 36. d5+ $2 (36. Bc6) 36... Kd6 {[%emt 0:00:03] Black is clearly winning.} 37. Be8 Rb4+ 38. Kd3 f6 (38... Rxb3+ $142 39. Ke4 Rxh3) 39. Kc2 Kxd5 40. Bf7+ Ke4 {[%emt 0:00:02] ...Kf3 is the strong threat.} 41. Kc3 a5 {[%emt 0:00:01] Strongly threatening ...Kf3.} 42. Bg6+ Kf3 43. Bf5 Kxf2 44. Bd3 Kg2 {[%emt 0:00:02] Weighted Error Value: White=0.99/Black=0.31} 0-1

[Event "German-ch Blitz Women 2022"]
[Site "Magdeburg"]
[Date "2022.08.13"]
[Round "10.1"]
[White "Paehtz, Elisabeth"]
[Black "Muetsch, Annmarie"]
[Result "1/2-1/2"]
[ECO "C75"]
[WhiteElo "2484"]
[BlackElo "2249"]
[Annotator "TA"]
[PlyCount "138"]
[EventDate "2022.08.10"]
[EventType "tourn"]
[EventCountry "GER"]
[SourceTitle "playchess.com"]
[Source "ChessBase"]
[SourceQuality "1"]
[TimeControl "180+2"]

1. e4 e5 2. Nf3 Nc6 3. Bb5 a6 4. Ba4 d6 5. c3 Bd7 6. O-O Nf6 7. d4 Be7 8. Re1 O-O 9. Bb3 {[%emt 0:00:01] C87: Closed Ruy Lopez: Steinitz-type lines after 6 Re1 d6.} Bg4 10. d5 Nb8 {[%emt 0:00:06] [#]} 11. h3 $146 {[%emt 0:00:01] White has an edge.} ({Predecessor:} 11. Nbd2 Nbd7 12. Nf1 Nc5 13. Bc2 a5 14. Ng3 Nh5 15. h3 Bxf3 16. Qxf3 Nxg3 17. Qxg3 {1-0 (67) Mendieta,K (1942)-Zelaya Aguilera,C (1738) Managua 2017}) 11... Bh5 12. Nbd2 Nbd7 13. Nf1 Nc5 14. Bc2 a5 15. Ng3 Bg6 16. b4 Ncd7 17. a3 c6 18. dxc6 bxc6 19. Bb2 Nb6 20. Qe2 Nh5 21. Nxh5 Bxh5 22. Bb3 Kh8 23. Qe3 h6 24. Rad1 Qc7 25. g4 Bg6 26. c4 axb4 27. axb4 (27. c5 $5 Nd7 28. axb4 $11) 27... Nd7 {[%emt 0:00:13] Against c5} (27... Na4 $5 28. Bc1 Nb6 $11) 28. Ra1 Nf6 29. Nd2 Nh7 30. Qd3 (30. c5 $11) 30... Bg5 (30... Ng5 $17) 31. Nf3 $11 Bf4 32. Rxa8 Rxa8 33. Bc1 (33. Nh4 $11) 33... Qe7 (33... Bxc1 $17 34. Rxc1 Nf6) 34. Bxf4 exf4 35. Qd4 Re8 36. e5 (36. Ba4 $14 c5 37. Qd1) 36... Ng5 37. Nxg5 {[%emt 0:00:11] Threatens to win with Nf3.} hxg5 38. e6 fxe6 39. c5 (39. Ba4 $1 $11) 39... d5 $17 40. Qe5 Qf6 (40... Kh7 $17 {And now ...Qb7 would win.} 41. Ra1 Qf6 42. Qxf6 gxf6) 41. b5 $2 (41. Ba4 $11 Qxe5 42. Rxe5) 41... cxb5 $19 42. c6 Qxe5 43. Rxe5 {[%emt 0:00:01][%mdl 4096] Endgame KRB-KRB} Bf7 44. Re1 Rc8 45. Rc1 Rc7 46. Rc5 Be8 47. Rxb5 {[%emt 0:00:01] Black must now prevent Rb8.} Bxc6 48. Rb8+ Kh7 49. Bc2+ g6 50. Rf8 Kg7 51. Rd8 Bd7 52. Bd3 e5 {[%emt 0:00:01] aiming for ...e4.} 53. Rb8 (53. f3 $142 Be6 54. Rd6) 53... e4 54. Bf1 d4 {[%emt 0:00:01][%cal Bd5d4,Bd4d3][%mdl 32] ...d3 is the strong threat.} 55. Rb6 d3 56. Rd6 Bb5 57. Rd5 {[%emt 0:00:01] [#]} Ba6 (57... Rc1 $142 $1 58. Rxb5 d2 59. Rb7+ Kf6 60. Rd7 d1=Q 61. Rxd1 Rxd1 62. f3 e3 63. Kg2 Rd2+ 64. Kg1 e2 65. Kf2 exf1=Q+ 66. Kxf1 Ke5 67. Ke1 Rh2 68. h4 gxh4 69. Kf1 Rb2 70. g5 Kd4 71. Kg1 Ke3 72. Kf1 h3 73. Kg1 Kxf3 74. Kh1 Kg3 75. Kg1 Rb1#) 58. Rd6 {[%emt 0:00:01] [#]} Bb7 (58... Rc1 $142 $1 59. Rxa6 d2 60. Ra7+ Kh6 61. Rd7 d1=Q 62. Rxd1 Rxd1 63. f3 e3 64. Kg2 Rd2+ 65. Kh1 e2 66. Bxe2 Rxe2 67. Kg1 Ra2 68. Kh1 Kg7 69. Kg1 Kf6 70. Kf1 Ke5 71. Ke1 Kd4 72. Kd1 Ke3 73. Kc1 Rd2 74. Kb1 Kxf3 75. h4 Ke3 76. h5 f3 77. h6 f2 78. h7 f1=Q#) 59. Rd4 Kf6 60. f3 Ke5 61. Rd8 exf3 (61... e3 $142 62. Bxd3 Bxf3 63. Re8+ Kf6 64. Bb5 Rc1+ 65. Bf1 e2 66. Rxe2 Bxe2 67. Kf2 Bxf1 68. h4 gxh4 69. g5+ Kxg5 70. Kf3 Bd3 71. Kg2 h3+ 72. Kh2 Be4 73. Kxh3 Rh1#) 62. Bxd3 Rc6 63. Re8+ Kf6 $2 (63... Kd4 {( -> ...Rc1+)} 64. Rb8 Rb6 65. Bxg6 Kc3) 64. Rf8+ Kg7 65. Rd8 {[%emt 0:00:01] Strongly threatening Rd7+.} Rf6 $2 ({Better is} 65... Rb6 $19 {Hoping for ...Kf6.} 66. Rb8 Rb2) 66. Rd7+ $11 {[%emt 0:00:02] The position is equal.} Rf7 67. Rd6 Rf6 68. Rd7+ Rf7 69. Rd6 Rf6 {[%emt 0:00:04] Weighted Error Value: White=0.56/Black=0.14 (very precise)} 1/2-1/2

[Event "German-ch Blitz Women 2022"]
[Site "Magdeburg"]
[Date "2022.08.13"]
[Round "10.2"]
[White "Daemering, Katrin"]
[Black "Zhou, Lepu Coco"]
[Result "1-0"]
[ECO "B40"]
[WhiteElo "1965"]
[BlackElo "1986"]
[Annotator "NA RC"]
[PlyCount "53"]
[EventDate "2022.08.10"]
[EventType "tourn"]
[EventCountry "GER"]
[SourceTitle "playchess.com"]
[Source "ChessBase"]
[SourceQuality "1"]
[TimeControl "180+2"]

1. e4 c5 2. Nf3 e6 3. d4 cxd4 4. Nxd4 Nf6 5. Nc3 Nc6 6. Be3 Bb4 7. Bd3 d5 8. exd5 exd5 9. O-O O-O 10. Nce2 Be6 11. h3 Rc8 12. Ng3 Bd6 13. c3 Ne5 14. Bc2 Nc4 15. Bc1 Qb6 16. Rb1 Rfe8 17. Qd3 Ne5 18. Qe2 Bd7 19. Be3 Nc4 20. Nh5 Nxh5 21. Qxh5 g6 22. Qxd5 Nxe3 23. fxe3 Be6 24. Nxe6 Rxe6 25. Rf3 Bc5 26. Rbf1 Bxe3+ 27. Kh1 1-0

[Event "German-ch Blitz Women 2022"]
[Site "Magdeburg"]
[Date "2022.08.13"]
[Round "10.3"]
[White "Khrapko, Marharyta"]
[Black "Nikolaeva, Mariya A"]
[Result "1-0"]
[ECO "C97"]
[WhiteElo "2128"]
[BlackElo "1309"]
[Annotator "NA RC"]
[PlyCount "115"]
[EventDate "2022.08.10"]
[EventType "tourn"]
[EventCountry "GER"]
[SourceTitle "playchess.com"]
[Source "ChessBase"]
[SourceQuality "1"]
[TimeControl "180+2"]

1. e4 e5 2. Nf3 Nc6 3. Bb5 a6 4. Ba4 Nf6 5. O-O Be7 6. Re1 b5 7. Bb3 d6 8. c3 Na5 9. Bc2 c5 10. h3 O-O 11. d4 Qc7 12. Nbd2 Be6 13. d5 Bd7 14. b3 Rfb8 15. Nf1 Nb7 16. g4 Ne8 17. Ng3 g6 18. Bg5 Bxg5 19. Nxg5 f6 20. Ne6 Bxe6 21. dxe6 Ng7 22. Qd5 Qe7 23. b4 c4 24. a4 Qxe6 25. Qc6 Qc8 26. Qd5+ Qe6 27. Qd2 Nd8 28. Red1 Nf7 29. Nf1 Rd8 30. Ne3 h5 31. Qe2 Rab8 32. Nd5 hxg4 33. hxg4 Ng5 34. axb5 axb5 35. Ra7 Nh3+ 36. Kh2 Nf4 37. Nxf4 exf4 38. Qf3 g5 39. Kg2 Rd7 40. Rda1 Qe7 41. R7a6 Rbd8 42. Rd1 Qf7 43. Rd5 Ne6 44. Rxb5 Nc7 45. Rba5 Nxa6 46. Rxa6 Qg6 47. Qe2 Qe8 48. Qxc4+ Kg7 49. Ra1 Qe5 50. Rh1 d5 51. exd5 f3+ 52. Kxf3 Qf4+ 53. Qxf4 gxf4 54. c4 Rb7 55. Rh7+ Kf8 56. Rxb7 Rc8 57. c5 Rd8 58. d6 1-0

[Event "German-ch Blitz Women 2022"]
[Site "Magdeburg"]
[Date "2022.08.13"]
[Round "10.4"]
[White "Grabowski, Petra"]
[Black "Schulze, Lara"]
[Result "0-1"]
[ECO "E12"]
[WhiteElo "1643"]
[BlackElo "2292"]
[Annotator "TA"]
[PlyCount "143"]
[EventDate "2022.08.10"]
[EventType "tourn"]
[EventCountry "GER"]
[SourceTitle "playchess.com"]
[Source "ChessBase"]
[SourceQuality "1"]
[TimeControl "180+2"]

1. d4 {[%emt 0:00:01] ChessBase II} Nf6 2. Nf3 e6 3. c4 b6 4. a3 Ba6 5. e3 d5 6. Nbd2 Nbd7 {[%emt 0:00:06] E12: Queen's Indian: Unusual White 4th moves, 4 a3, 4 Nc3 Bb7 5 a3 and 4 Nc3 Bb7 .} 7. b4 (7. cxd5 {looks sharper.} Bxf1 8. dxe6 Bxg2 9. Rg1) 7... c5 {[%emt 0:00:08] [#]} 8. b5 $146 ({White should play} 8. dxc5 $14 bxc5 9. cxd5 (9. Qa4 Bb7 $11) 9... Bxf1 10. dxe6) ({Predecessor:} 8. dxc5 bxc5 9. b5 Bb7 10. Be2 a6 11. O-O Bd6 12. cxd5 exd5 13. bxa6 Bxa6 14. e4 Bxe2 15. Qxe2 {½-½ (36) Huss,A-Gelfer,I (2340) Luzern 1982 EXT 2015 [ChessBase II]}) 8... Bb7 $11 {[%emt 0:00:02] The position is equal.} 9. Nb3 Be7 10. Bb2 O-O (10... a6 $5 ) 11. Be2 Rc8 {[%emt 0:00:04] aiming for ...dxc4.} 12. Rc1 Ne4 13. O-O Bf6 14. Qc2 (14. cxd5 $11 Bxd5 15. Nbd2) 14... dxc4 {[%emt 0:00:39] Black converts the advantage convincingly.} 15. Bxc4 Nd6 16. Bd3 (16. dxc5 $17 {was worth a try.} Nxc5 17. Be2) 16... cxd4 17. Qe2 ({Don't go for} 17. Bxh7+ $2 Kh8 18. Qe2 Kxh7 $19) (17. Qb1 $142) 17... dxe3 $19 18. Bxf6 exf2+ ({Inferior is} 18... Nxf6 19. Qxe3 Nd5 20. Qe5 $17) ({Don't blunder} 18... Qxf6 $2 19. fxe3 Bd5 20. Rxc8 Rxc8 21. Nbd2 $19) 19. Qxf2 Nxf6 20. Ng5 (20. Qe3 $142) 20... Rxc1 21. Nxc1 h6 22. Nf3 Nde4 23. Qc2 Qc8 24. Ne2 Qxc2 25. Bxc2 Rd8 26. Ned4 Rc8 27. Re1 Nd6 28. Bb3 Nc4 29. a4 Bd5 30. Rc1 Rc5 31. Bxc4 Rxc4 32. Rd1 (32. Rxc4 {is the only way for White.} Bxc4 33. Ne5) 32... Ne4 33. Ne2 Nc3 34. Re1 (34. Nxc3 $142 Rxc3 35. Rd4) 34... Nxe2+ 35. Rxe2 Bxf3 36. gxf3 Rxa4 {[%emt 0:00:00][%mdl 4096] Endgame KR-KR} 37. Rc2 Ra5 38. Rc8+ Kh7 39. Rc7 Kg6 40. Kf2 Rxb5 41. Rxa7 e5 42. Ke3 f5 43. Rc7 Rb3+ 44. Ke2 Kf6 {[%emt 0:00:03] Threatens to win with ...Rb2+.} 45. h4 Rb4 {[%emt 0:00:11] Against Rc4} 46. h5 e4 47. fxe4 Rxe4+ 48. Kf3 Re6 {[%emt 0:00:02] And now ...Re7 would win.} 49. Rb7 Rc6 50. Rb8 Kg5 51. Rf8 Rf6 52. Rg8 g6 53. hxg6 Rxg6 54. Rb8 h5 55. Kg3 h4+ 56. Kh3 Kf4 57. Rh8 Ke3 {[%emt 0:00:04] Strongly threatening ...f4.} 58. Rxh4 f4 59. Rh5 f3 60. Re5+ Kf2 61. Rf5 Rh6+ 62. Kg4 Rg6+ $2 (62... Kg2 {mates} 63. Kg5 f2 64. Kxh6 f1=Q 65. Kg6 Qd3 66. Kf6 b5 67. Re5 b4 68. Rh5 b3 69. Rg5+ Kf2 70. Rf5+ Kg3 71. Rg5+ Kf2 72. Ke6 Qe3+ 73. Kf6 {[#]} Qxg5+ $3 74. Kxg5 b2 75. Kf6 b1=Q 76. Ke5 Qd1 77. Ke6 Kf3 78. Kf6 Kf4 79. Ke6 Qd8 80. Kf7 Kf5 81. Kg7 Qd7+ 82. Kh6 Qc7 83. Kh5 Qh7#) 63. Kf4 $2 {[%emt 0:00:01][%mdl 8192] [#]} (63. Kh3 $11 Rh6+ 64. Kg4) 63... Kg2 {[%emt 0:00:04] Black mates.} 64. Ke4 Re6+ 65. Kd3 f2 66. Rg5+ Kf1 67. Rf5 Rd6+ 68. Ke3 Ke1 69. Rxf2 Re6+ 70. Kf3 Rf6+ 71. Ke3 Rxf2 72. Kd4 {Weighted Error Value: White=0.56/Black=0.19 (very precise)} 0-1

[Event "German-ch Blitz Women 2022"]
[Site "Magdeburg"]
[Date "2022.08.13"]
[Round "10.5"]
[White "Braun, Kristin"]
[Black "Melamed, Tatjana"]
[Result "0-1"]
[ECO "B03"]
[WhiteElo "1897"]
[BlackElo "2380"]
[Annotator "TA"]
[PlyCount "146"]
[EventDate "2022.08.10"]
[EventType "tourn"]
[EventCountry "GER"]
[SourceTitle "playchess.com"]
[Source "ChessBase"]
[SourceQuality "1"]
[TimeControl "180+2"]

1. e4 Nf6 2. e5 Nd5 3. d4 d6 4. exd6 cxd6 5. Nf3 g6 6. c4 Nb6 7. Nc3 Bg7 8. Be2 O-O 9. O-O Nc6 10. b3 Bg4 11. Be3 e5 12. d5 {[%emt 0:00:26] B04: Alekhine's Defence: 4 Nf3.} Bxf3 13. gxf3 {[#]} (13. Bxf3 $11 {might be stronger.} Nd4 14. Rb1) 13... Nd4 $146 ({Predecessor:} 13... Ne7 14. Rc1 Nf5 15. Ne4 Nxe3 16. fxe3 f5 17. Nc3 Qg5+ 18. Kf2 Qh4+ 19. Kg2 Bh6 {1-0 (45) Klenner,R-Nejezchleba,J Moravia 2002}) 14. Bxd4 $2 ({White should play} 14. Kh1 $15) 14... exd4 $19 (14... Qg5+ 15. Kh1 exd4 16. Ne4 $17) 15. Nb5 (15. Ne4 $142) 15... Be5 $2 (15... a6 $19 {has better winning chances.} 16. Na3 (16. Nxd4 $2 Qg5+ 17. Kh1 Qf4 $19) 16... Be5) 16. f4 $17 Bxf4 17. Nxd4 Qh4 18. Nf3 Qh3 {[%emt 0:00:01] 0x0.001f25e58f31dp-1022s more active pieces. The white rooks are badly placed.} 19. Qd4 Rae8 (19... Qh6 $17) 20. Qxf4 $14 Rxe2 21. Rfe1 Rxe1+ (21... Rfe8 $14 22. Rxe2 Rxe2) 22. Rxe1 $16 Nd7 (22... Nc8 $16) 23. Re7 {[%emt 0:00:10] And now Ng5 would win.} (23. Qxd6 Qxf3 24. Qxd7 b5) 23... Nc5 24. Ng5 ({Don't take} 24. Qxd6 $6 Qxf3 25. Qxc5 Qd1+ 26. Kg2 Qg4+ 27. Kf1 Qd1+ 28. Re1 Qf3 $16) 24... Qf5 25. Qxf5 gxf5 $18 {[%emt 0:00:01][%mdl 4096] Endgame KRN-KRN} 26. Nf3 (26. b4 $16 Nd3 27. Rxb7) 26... Kg7 $14 27. Nd4 Kf6 28. Re2 (28. Re3 $1 $14) 28... Ne4 (28... Rg8+ $11 29. Kf1 a6) 29. f3 Ng5 30. Kf2 (30. Nb5 $16) 30... Rg8 31. Nb5 Nh3+ 32. Ke1 (32. Ke3 $5 ) 32... Rg1+ $2 (32... Nf4 $11 33. Rd2 Ke5) 33. Kd2 $18 Ra1 34. Nxd6 Rxa2+ (34... Nf4 $142 35. Re3 Rxa2+ 36. Kc3 Ne2+ 37. Kb4 b6) 35. Ke3 $1 f4+ 36. Kd3 Ra3 (36... Nf2+ $2 37. Rxf2 $1 Rxf2 38. Ne4+ Ke7 39. Nxf2 $18) (36... Rxe2 37. Kxe2 b6) 37. Ne4+ Kf5 38. Nc5 b6 {[%emt 0:00:02] [#]} 39. Nd7 ({Only move:} 39. d6 $1 $18 bxc5 40. d7 Rxb3+ 41. Kc2) 39... Rxb3+ $15 40. Kc2 Rxf3 (40... Re3 $15 {stays ahead.} 41. Rxe3 fxe3) 41. Re5+ $16 Kg6 42. Re7 (42. d6 $16 Rf2+ 43. Kc3 Rf3+ 44. Kc2 Rf2+ 45. Kc3 Rf3+ 46. Kc2) 42... Ra3 {[%emt 0:00:03] Strongly threatening ...Ra2+.} 43. d6 f3 $2 (43... Ra2+ $11 44. Kc3 Nf2) 44. Ne5+ $18 (44. Kb2 Ra5 45. Ne5+ Rxe5 46. Rxe5 f2 $11) 44... Kf6 45. Rxf7+ $2 (45. Kb2 $18 Ra5 46. Ng4+ (46. Nxf3 Nf4 $16) 46... Kg5 47. d7 Kxg4 48. d8=Q) 45... Kxe5 {[%emt 0:00:03] KRN-KR} 46. d7 Ra2+ 47. Kc1 Ra1+ 48. Kd2 Ra2+ 49. Kc3 Ra3+ 50. Kb4 (50. Kc2 $11 {remains equal.} Ra2+ 51. Kc3 Ra3+ 52. Kc2) 50... Rd3 $17 51. Rxf3 {[%emt 0:00:03] [#]} Rxd7 52. Rxh3 {[%emt 0:00:00] KR-KR} Rc7 53. Rh6 Kd4 54. Rh4+ Ke5 55. Rh6 $1 Kf5 56. Rd6 (56. h4 $142) 56... h5 57. Rd8 Kg4 58. Rd2 $2 (58. Rd3) 58... h4 (58... Kh3 $142 {...Rg7 is the strong threat.} 59. Rb2 h4) 59. Kb5 $2 (59. Ra2 {was forced.}) 59... Rc5+ $19 60. Kb4 a5+ 61. Kb3 a4+ $2 (61... Kh3 $19 {aiming for ...Rg5.} 62. Re2 Rg5) 62. Ka3 $2 (62. Kxa4 $15 Rxc4+ 63. Kb5) 62... Rxc4 63. Rb2 Kh3 64. Re2 b5 65. Rd2 Rc3+ 66. Kb2 Rb3+ (66... Re3 $142 67. Rc2 b4 68. Rd2 Re4 69. Kb1 Rg4 70. Rd7 Kxh2 71. Rd2+ Kh1 72. Rd3 Rg3 73. Rd8 h3 74. Kb2 Rg2+ 75. Ka1 b3 76. Ra8 h2 77. Rxa4 Kg1 78. Re4 h1=Q 79. Re1+ Kh2 80. Rxh1+ Kxh1 81. Kb1 Kg1 82. Kc1 Rc2+ 83. Kb1 Kf2 84. Ka1 Ke3 85. Kb1 Rg2 86. Ka1 Kd4 87. Kb1 Kc3 88. Kc1 Rg1#) 67. Ka2 Kg4 {[%emt 0:00:02] ( -> ...h3)} 68. Rg2+ Kf3 {[%emt 0:00:01] Black mates.} 69. Rc2 Re3 70. Kb1 a3 71. Ka2 Re2 72. Rxe2 Kxe2 73. Kxa3 Kf2 {[%emt 0:00:01] Quite a comeback for Black.  Weighted Error Value: White=0.61/Black=0.46} 0-1

[Event "German-ch Blitz Women 2022"]
[Site "Magdeburg"]
[Date "2022.08.13"]
[Round "10.6"]
[White "Skibbe, Diana"]
[Black "Stärk, Elisa"]
[Result "0-1"]
[ECO "B74"]
[WhiteElo "1943"]
[BlackElo "1950"]
[Annotator "TA"]
[PlyCount "124"]
[EventDate "2022.08.10"]
[EventType "tourn"]
[EventCountry "GER"]
[SourceTitle "playchess.com"]
[Source "ChessBase"]
[SourceQuality "1"]
[TimeControl "180+2"]

1. e4 g6 2. d4 Bg7 3. Nc3 c5 4. Nf3 cxd4 5. Nxd4 Nc6 6. Nb3 Nf6 7. Be2 O-O 8. O-O d6 9. Be3 a6 10. a4 Be6 11. Nd5 {B74: Sicilian Dragon: Classical System with 9 Nb3.} (11. a5 $11) 11... Nxe4 $17 {[#]} 12. Bb6 $146 ({Predecessor:} 12. Nb6 Rb8 13. f3 Nf6 14. a5 Nd7 15. Qd2 Bxb2 16. Ra4 Bf6 17. Rd1 Nxb6 18. Bxb6 Qc8 {1-0 (40) Van den Berg,H-Van Kerkhof,D Nijmegen 2002}) 12... Qd7 13. Nc7 (13. c3 $17) 13... Rac8 (13... Bxb2 $19 14. Nxa8 Rxa8) 14. Nxe6 Qxe6 15. c3 {[#]} (15. Nd4 $17 Qd5 16. c3) 15... Nf6 $2 {Pair of Knights!} (15... Bxc3 $1 $19 16. f3 (16. bxc3 $2 Nxc3 17. Bg4 f5 $19) 16... Bxb2 17. fxe4 Bxa1 18. Nxa1 Qxe4) 16. Nd4 Nxd4 17. Bxd4 Qd7 18. Bf3 e5 19. Bb6 d5 20. Re1 (20. Qb3 $15) 20... e4 21. Be2 Qc6 $36 {[%mdl 2048] White is under strong pressure.} 22. Bd4 Rfd8 23. Bf1 Nd7 24. Bxg7 Kxg7 25. Qd4+ Kg8 26. Rad1 Nf8 27. g3 Ne6 28. Qe5 Qd6 $2 ({Don't play} 28... Qxa4 $6 29. Rxd5 Qc6 30. Rxd8+ Rxd8 31. Qxe4 $11) (28... f5 $17 {aiming for ...Kf7.} 29. Kg2 Kf7) 29. Qxd6 Rxd6 30. Rxe4 $1 Nc5 31. Red4 Rcd8 (31... Rb6 $11) 32. Bg2 a5 33. Bxd5 Kf8 34. c4 $2 (34. b3 $1 $16) 34... Nxa4 (34... Rb6 $15) 35. R4d2 (35. Rf4 $11 {keeps the balance.} R6d7 36. Ra1) 35... Nc5 (35... b5 $1 $17 36. Ra1 (36. cxb5 $2 Nb6 $19) 36... Nb6) 36. Kg2 {[#]} (36. Kf1 $15) 36... b6 (36... b5 $1 $17 {[%cal Rb5c4] Threatens to win with ...bxc4.} 37. cxb5 Na4) 37. Rd4 Na6 38. R1d3 ({White should play} 38. R4d2 $15) 38... Nb4 {White is on the road to losing.} 39. Rf3 Nxd5 40. cxd5 Rxd5 41. Rxd5 (41. Rdf4 $17 {was worth a try.} R8d7 42. Rf6) 41... Rxd5 {[%mdl 4096] Endgame KR-KR} 42. Rf6 $2 (42. Re3 $17 {is a better chance.}) 42... b5 $2 (42... Rb5 $19 {and Black stays clearly on top.} 43. Rd6 Rxb2 44. Rd8+ Ke7) 43. Ra6 {[#]} (43. Rb6 $17 {keeps fighting.}) 43... a4 $1 $19 {Hoping for ...Rd4.} 44. Kf3 $2 (44. Rb6) 44... Rd2 45. Ke3 Rxb2 46. f4 Rxh2 47. Kd4 Rg2 48. Ke5 Kg7 49. Rb6 Rb2 {( -> ...a3)} 50. g4 a3 {Black mates.} 51. Ra6 b4 52. f5 gxf5 53. gxf5 f6+ 54. Ke6 a2 55. Ra7+ Kh6 56. Kxf6 b3 57. Ra4 Rh2 58. Ke7 Rh1 59. f6 Re1+ 60. Kf7 a1=Q 61. Rh4+ Kg5 62. Rxh7 Qxf6+ {Weighted Error Value: White=0.86/Black=0.41} 0-1

[Event "German-ch Blitz Women 2022"]
[Site "Magdeburg"]
[Date "2022.08.13"]
[Round "10.7"]
[White "Rath, Alina"]
[Black "Zschischang, Marine"]
[Result "1-0"]
[ECO "D31"]
[WhiteElo "2062"]
[BlackElo "2083"]
[Annotator "NA RC"]
[PlyCount "139"]
[EventDate "2022.08.10"]
[EventType "tourn"]
[EventCountry "GER"]
[SourceTitle "playchess.com"]
[Source "ChessBase"]
[SourceQuality "1"]
[TimeControl "180+2"]

1. c4 e6 2. Nc3 d5 3. d4 c6 4. e3 Bd6 5. f4 Nd7 6. Nf3 f5 7. Bd3 Ngf6 8. O-O O-O 9. b3 Ne4 10. Bd2 Qf6 11. Ne5 Qh6 12. Rf3 Bxe5 13. dxe5 Ndc5 14. Bf1 Nxc3 15. Bxc3 Ne4 16. Be1 Bd7 17. Rh3 Qg6 18. Be2 Qe8 19. Rc1 Qe7 20. Bf1 Be8 21. cxd5 exd5 22. Bh4 Qe6 23. Bd3 Bg6 24. Be1 Rfd8 25. Bf1 Rac8 26. b4 Qe7 27. Qb3 Bf7 28. Qb2 b6 29. Bh4 g5 30. fxg5 Nxg5 31. Rg3 h6 32. Qd4 Kh7 33. Qf4 Bg6 34. Bxg5 hxg5 35. Rxg5 Re8 36. Qh4+ Kg7 37. Qg3 Qe6 38. Bd3 Kf7 39. Rf1 Qxe5 40. Qxe5 Rxe5 41. Bxf5 Bxf5 42. Rgxf5+ Rxf5 43. Rxf5+ Kg6 44. Rf4 Re8 45. Kf2 Kg5 46. h4+ Kg6 47. g4 Rh8 48. Kg3 a5 49. h5+ Kg7 50. Kh4 axb4 51. Rxb4 b5 52. g5 Re8 53. h6+ Kg6 54. Rf4 Rxe3 55. Rf6+ Kh7 56. Rf7+ Kh8 57. Kh5 Re6 58. g6 Re5+ 59. Kg4 Re8 60. Rc7 d4 61. Rxc6 Rd8 62. Rc2 d3 63. Rd2 Rd6 64. Kf5 Kg8 65. a3 Rd5+ 66. Ke6 Rg5 67. Kf6 Rd5 68. h7+ Kh8 69. g7+ Kxh7 70. Rh2+ 1-0